 Dungeon Sprint DCSS version 0.16-a0-3940-gf8a207b (webtiles) character file.

6295 BluebellGnoll the Unseen (level 10, -11/56 HPs)
             Began as a Spriggan Enchanter on Feb 7, 2015.
             Was a High Priest of Vehumet.
             Splashed by a jelly's acid (12 damage)
             ... while paralysed by a giant eyeball
             ... in the Dungeon (Sprint I: "Red Sonja").
             The game lasted 00:08:25 (939 turns).

BluebellGnoll the Unseen (Spriggan Enchanter)        Turns: 939, Time: 00:08:26

Health: -11/56     AC:  3    Str:  4    XL:     10   Next: 63%
Magic:  32/32      EV:  4    Int: 21    God:    Vehumet [*****.]
Gold:   803        SH:  0    Dex: 16    Spells: 6 memorised, 16 levels left

rFire  . . .     SeeInvis +     n - +0 short sword (venom)
rCold  . . .     Clarity  .     b - +1 robe
rNeg   . . .     SustAb   .     (shield restricted)
rPois  .         Gourm    .     (helmet restricted)
rElec  .         Spirit   .     (no cloak)
rCorr  .         Warding  .     (gloves unavailable)
rMut   .         NoTele   +     (boots unavailable)
MR     +....                    (no amulet)
Stlth  ++++++++..               (no ring)
                                (no ring)

@: paralysed, very quick, somewhat resistant to hostile enchantments,
extraordinarily stealthy
A: unfitting armour, see invisible, herbivore 3, speed 3, slow metabolism 2
a: Renounce Religion


You were in the Dungeon.
You worshipped Vehumet.
Vehumet was extremely pleased with you.
You were not hungry.

You visited 1 branch You collected 858 gold pieces.
You spent 55 gold pieces at shops.

Inventory:

Hand weapons
 a - a +1 dagger
 l - a +0 blowgun
 n - a +0 short sword of venom (weapon)
Missiles
 m - 6 curare-tipped needles
Armour
 b - a +1 robe (worn)
Scrolls
 i - 2 scrolls of identify
 j - 2 scrolls of blinking
 k - a scroll of remove curse
Potions
 e - a potion of curing
 f - a potion of heal wounds
 g - a potion of haste
 h - 2 potions of magic
Books
 c - a book of Maledictions

   Spells                             Type                      Level
   a - Corona                         Hexes                        1
   b - Sure Blade                     Hexes/Charms                 2
   c - Ensorcelled Hibernation        Hexes/Ice                    2
   d - Confuse                        Hexes                        3
   e - Dazzling Spray                 Conjuration/Hexes            3
   f - Enslavement                    Hexes                        4
Comestibles
 d - a bread ration


   Skills:
 - Level 7.7 Fighting
 - Level 11.0 Short Blades
 + Level 17.8 Dodging
 - Level 18.7 Stealth
 - Level 11.2 Spellcasting
 - Level 9.7 Hexes


You had 16 spell levels left.
You knew the following spells:

 Your Spells              Type           Power        Failure   Level  Hunger
a - Corona                Hex            ######.      1%          1    None
b - Ensorcelled Hibernat  Hex/Ice        ####..       1%          2    None
c - Confuse               Hex            ######..     1%          3    None
d - Sure Blade            Hex/Chrm       ####......   1%          2    None
e - Dazzling Spray        Conj/Hex       ####....     1%          3    None
f - Enslavement           Hex            ######..     1%          4    #......


Dungeon Overview and Level Annotations

Branches:
Dungeon (1/1)

Altars:
Cheibriados
Dithmenos
Elyvilon
Fedhas
Gozag
Kikubaaqudgha
Makhleb
Nemelex Xobeh
Okawaru
Qazlal
Ru
Sif Muna
Trog
Vehumet
Xom
Yredelemnul
Zin
The Shining One
Jiyva

Shops:
D [?


Innate Abilities, Weirdness & Mutations

You are tiny and cannot use many weapons and most armour.
You have supernaturally acute eyesight.
You are a herbivore.
You cover ground extremely quickly.
You need consume almost no food.


Message History

The giant eyeball turns its gaze towards you.
A necrophage comes into view.
The giant eyeball gazes at you.
You suddenly lose the ability to move!
Found a short silver wand.
The jelly quivers.
The jelly hits you.
You are splashed with acid!
The acid burns!
The jelly quivers. x2
The jelly hits you.
You are splashed with acid!
The acid burns!
The jelly hits you but does no damage. The jelly hits you.
You are splashed with acid!
The acid burns!
* * * LOW HITPOINT WARNING * * *
The jelly hits you.
* * * LOW HITPOINT WARNING * * *
You are splashed with acid!
The acid burns!
* * * LOW HITPOINT WARNING * * *
The jelly hits you.
* * * LOW HITPOINT WARNING * * *
You are splashed with acid!
The acid burns!
You die...

###_..._##_.#'##§#####§###.§.
#_____###'#.#§§|)# #§'.#.§§#
###########.####'###
###†#.§##
∩........'...'.....+ #.#..#
##++++####...###########§##
##.###.....§§##§# #+#
#........§§# #'''######§#
#J@....G.#§# #JJJ....#+.#
/.nn....≈#### n=.......≈≈#
#.......≈≈≈## ###..≈≈≈≈###
+######+


You could see 3 necrophages, 4 jellies and a giant eyeball.

Vanquished Creatures
  2 centaur warriors (D)
  2 unseen horrors (D)
  A deep troll (D)
  An oklob plant (D)
  4 demonic crawlers (D)
  2 kobold demonologists (D)
  Sonja (D)
  A slime creature (D)
  4 trapdoor spiders (D)
  A yak (D)
  An ogre (D)
  A wasp (D)
  Sigmund (D)
  4 jellies (D)
  Ijyb (D)
  A giant eyeball (D)
28 creatures vanquished.

Vanquished Creatures (others)
  2 gargoyles (D)
2 creatures vanquished.

Grand Total: 30 creatures vanquished

Notes
Turn   | Place    | Note
--------------------------------------------------------------
     0 | D        | BluebellGnoll, the Spriggan Enchanter, began the quest for the Orb.
     0 | D        | Reached XP level 1. HP: 9/9 MP: 4/4
     1 | D        | Noticed Ijyb
     6 | D        | Noticed an ogre
    15 | D        | Killed an ogre
    15 | D        | Reached skill level 13 in Stealth
    15 | D        | Reached XP level 2. HP: 8/13 MP: 7/7
    15 | D        | Reached XP level 3. HP: 10/16 MP: 9/9
    15 | D        | Reached XP level 4. HP: 12/21 MP: 12/12
    25 | D        | Killed Ijyb
    25 | D        | Reached skill level 14 in Stealth
    60 | D        | Learned a level 2 spell: Ensorcelled Hibernation
    64 | D        | Learned a level 3 spell: Confuse
    67 | D        | Learned a level 2 spell: Sure Blade
    67 | D        | Noticed Sigmund
    70 | D        | Killed Sigmund
    70 | D        | Reached skill level 5 in Spellcasting
    70 | D        | Reached XP level 5. HP: 12/24 MP: 13/19
    75 | D        | Learned a level 3 spell: Dazzling Spray
    86 | D        | Found a deep blue altar of Sif Muna.
    87 | D        | Noticed a jelly
    88 | D        | Found a radiant altar of Vehumet.
    92 | D        | Killed a jelly
   107 | D        | Found Shey's Magic Scroll Emporium.
   107 | D        | Found a white marble altar of Elyvilon.
   107 | D        | Found a stormy altar of Qazlal.
   107 | D        | Found a basalt altar of Yredelemnul.
   107 | D        | Found an iron altar of Okawaru.
   107 | D        | Found a sparkling altar of Nemelex Xobeh.
   107 | D        | Found a shimmering altar of Xom.
   107 | D        | Found an ancient bone altar of Kikubaaqudgha.
   107 | D        | Noticed a yak
   108 | D        | Found a burning altar of Makhleb.
   108 | D        | Found a sacrificial altar of Ru.
   108 | D        | Found a glowing golden altar of the Shining One.
   108 | D        | Found an opulent altar of Gozag.
   108 | D        | Found a glowing silver altar of Zin.
   109 | D        | Killed a yak
   109 | D        | Reached XP level 6. HP: 16/28 MP: 19/25
   111 | D        | Became a worshipper of Vehumet
   117 | D        | Learned a level 4 spell: Enslavement
   118 | D        | Found a bloodstained altar of Trog.
   122 | D        | Bought a scroll of identify for 22 gold pieces
   122 | D        | Bought a scroll of remove curse for 33 gold pieces
   133 | D        | Found a viscous altar of Jiyva.
   133 | D        | Found a blossoming altar of Fedhas.
   133 | D        | Noticed a slime creature
   134 | D        | Found a snail-covered altar of Cheibriados.
   134 | D        | Found a shadowy altar of Dithmenos.
   158 | D        | Killed a slime creature
   158 | D        | Reached skill level 10 in Dodging
   158 | D        | Reached XP level 7. HP: 2/32 MP: 23/26
   382 | D        | Noticed a kobold demonologist
   383 | D        | Noticed a kobold demonologist
   387 | D        | Killed a kobold demonologist
   387 | D        | Acquired Vehumet's first power
   387 | D        | Offered knowledge of Freeze by Vehumet.
   387 | D        | Reached skill level 17 in Stealth
   405 | D        | Killed a kobold demonologist
   405 | D        | Reached skill level 18 in Stealth
   405 | D        | Reached XP level 8. HP: 28/36 MP: 19/27
   415 | D        | Noticed a demonic crawler
   415 | D        | Noticed a demonic crawler
   415 | D        | Noticed a demonic crawler
   415 | D        | Noticed a demonic crawler
   417 | D        | Killed a demonic crawler
   418 | D        | Killed a demonic crawler
   420 | D        | Killed a demonic crawler
   433 | D        | Killed a demonic crawler
   433 | D        | Reached XP level 9. HP: 27/39 MP: 25/29
   443 | D        | Noticed a gargoyle
   480 | D        | Noticed Sonja
   495 | D        | Killed Sonja
   495 | D        | Acquired Vehumet's second power
   528 | D        | Found Imyiso's Armour Boutique.
   671 | D        | Noticed a deep troll
   699 | D        | Killed a deep troll
   699 | D        | Offered knowledge of Sting by Vehumet.
   726 | D        | Killed a gargoyle
   738 | D        | Noticed a centaur warrior
   738 | D        | Noticed a centaur warrior
   740 | D        | Killed a centaur warrior
   740 | D        | Reached skill level 5 in Fighting
   741 | D        | Killed a centaur warrior
   741 | D        | Reached XP level 10. HP: 32/56 MP: 32/32
   751 | D        | Noticed a wasp
   754 | D        | Killed a wasp
   754 | D        | Acquired Vehumet's third power
   764 | D        | Noticed an oklob plant
   766 | D        | Killed an oklob plant
   785 | D        | Killed a gargoyle
   873 | D        | Noticed a trapdoor spider
   875 | D        | Noticed a trapdoor spider
   876 | D        | Killed a trapdoor spider
   876 | D        | Offered knowledge of Searing Ray by Vehumet.
   880 | D        | Noticed a trapdoor spider
   883 | D        | Killed a trapdoor spider
   885 | D        | Noticed a trapdoor spider
   893 | D        | Killed a trapdoor spider
   893 | D        | Reached skill level 15 in Dodging
   896 | D        | Killed a trapdoor spider
   914 | D        | Noticed an unseen horror
   915 | D        | Noticed an unseen horror
   922 | D        | Killed an unseen horror
   924 | D        | Killed an unseen horror
   931 | D        | Noticed a jelly
   931 | D        | Noticed a jelly
   931 | D        | Noticed a jelly
   931 | D        | Noticed a jelly
   931 | D        | Noticed a jelly
   931 | D        | Noticed a jelly
   931 | D        | Noticed a necrophage
   931 | D        | Noticed a necrophage
   932 | D        | Noticed a jelly
   933 | D        | Killed a jelly
   934 | D        | Killed a jelly
   935 | D        | Killed a jelly
   936 | D        | Noticed a necrophage
   936 | D        | Paralysed by a giant eyeball for 3 turns
   939 | D        | HP: 2/56 [acid (10)]
   939 | D        | Splashed by a jelly's acid

Action                   |  1- 3 |  4- 6 |  7- 9 | 10-12 || total
-------------------------+-------+-------+-------+-------++-------
Melee: Dagger            |     8 |    31 |    29 |       ||    68
       Short sword       |       |       |     2 |    21 ||    23
 Fire: Blowgun           |       |       |     8 |       ||     8
 Cast: Confuse           |       |     1 |     6 |     2 ||     9
       Dazzling Spray    |       |       |     3 |       ||     3
       Sure Blade        |       |       |     1 |     1 ||     2
       Ensorcelled Hiber |       |       |       |     2 ||     2
  Use: Potion            |     1 |       |       |       ||     1
 Stab: Sleeping          |       |     3 |     7 |     8 ||    18
       Confused          |       |     2 |     3 |     1 ||     6
       Invisible         |       |       |     2 |       ||     2
